 Dungeon Crawl Stone Soup version 0.18.1-8-gdd0e5ea (console) character file.

495 nipodemus the Magician (level 7, -3/43 HPs)
             Began as an Octopode Wizard on June 2, 2016.
             Slain by an orc priest
             ... wielding a +0 mace
              (6 damage)
             ... on level 4 of the Dungeon.
             The game lasted 00:18:33 (5125 turns).

nipodemus the Magician (Octopode Wizard)            Turns: 5125, Time: 00:18:33

Health: -3/43      AC:  1    Str: 12    XL:     7   Next: 15%
Magic:  10/14      EV: 12    Int: 22    God:
Gold:   79         SH:  0    Dex: 10    Spells: 5 memorised, 5 levels left

rFire  . . .     SeeInvis .     q - +1 flail (drain)
rCold  . . .     Gourm    .     (no shield)
rNeg   . . .     Faith    .     a - +0 hat
rPois  .         Spirit   .     (no amulet)
rElec  .         Dismiss  .     m - ring of protection from magic
rCorr  .         Reflect  .     o - ring of wizardry (curse)
SustAt .         Harm     .     (no ring)
MR     +....                    (no ring)
Stlth  +++.......               (no ring)
                                (no ring)
                                (no ring)
                                (no ring)

@: mighty, repel missiles, somewhat resistant to hostile enchantments, fairly
stealthy
A: almost no armour, amphibious, 8 rings, constrict 8, camouflage 1, gelatinous
body 1
a: no special abilities


You were on level 4 of the Dungeon.
You were not hungry.

You visited 1 branch of the dungeon, and saw 4 of its levels.

You collected 79 gold pieces.

Inventory:

Hand Weapons
 f - a +0 dagger
 n - a +0 war axe
 q - a +1 flail of draining (weapon)
Missiles
 s - 8 tomahawks (quivered)
Armour
 a - a +0 hat (worn)
Jewellery
 m - a ring of protection from magic (left tentacle)
 o - a cursed ring of wizardry (right tentacle)
Wands
 p - a wand of teleportation (4/9)
Scrolls
 d - a scroll of teleportation {unknown}
 e - 2 scrolls of fear {unknown}
 i - a scroll of recharging {unknown}
 j - a scroll of enchant weapon {unknown}
 l - a scroll of blinking {unknown}
 r - a scroll of fog {unknown}
Potions
 h - a potion of cure mutation
Books
 b - a book of Minor Magic

   Spells                             Type                      Level
   a - Magic Dart                     Conjuration                  1
   b - Blink                          Translocation                2
   c - Call Imp                       Summoning                    2
   d - Repel Missiles                 Charms/Air                   2
   e - Slow                           Hexes                        2
   f - Conjure Flame                  Conjuration/Fire             3
   g - Mephitic Cloud                 Conjuration/Poison/Air       3
 g - a book of Enchantments

   Spells                             Type                      Level
   a - Cause Fear                     Hexes                        4
   b - Yara's Violent Unravelling     Hexes/Transmutation          5
   c - Silence                        Hexes/Air                    5
   d - Deflect Missiles               Charms/Air                   6
   e - Haste                          Charms                       6
   f - Discord                        Hexes                        8
Comestibles
 c - 3 bread rations


   Skills:
 + Level 1.0 Fighting
 + Level 0.4 Maces & Flails
 + Level 3.2 Dodging
 + Level 3.8 Stealth
 + Level 5.1 Spellcasting
 + Level 3.4 Conjurations
   Level 1.0 Summonings
 + Level 1.0 Translocations
 * Level 1.4 Fire Magic
 + Level 1.3 Air Magic
 + Level 1.0 Poison Magic


You had 5 spell levels left.
You knew the following spells:

 Your Spells              Type           Power        Failure   Level  Hunger
a - Magic Dart            Conj           ###.         1%          1    None
b - Blink                 Tloc           N/A          4%          2    None
c - Mephitic Cloud        Conj/Pois/Air  ##......     6%          3    ##.....
d - Repel Missiles        Chrm/Air       #.....       6%          2    None
e - Conjure Flame         Conj/Fire      ###.....     4%          3    ##.....


Dungeon Overview and Level Annotations

Branches:
Dungeon (4/15)
 Temple: D:4-7

Altars:
Cheibriados
Fedhas
Nemelex Xobeh
Trog
Vehumet


Innate Abilities, Weirdness & Mutations

You cannot wear most types of armour.
You are amphibious.
You can wear up to eight rings at the same time.
You can use your tentacles to constrict eight enemies at once.
Your skin changes colour to match your surroundings (Stealth).
Your rubbery body absorbs attacks (AC +1).


Message History

Casting: Magic Dart
Confirm with . or Enter, or press ? or * to list all spells.
Aiming: Magic Dart
Press: ? - help, Shift-Dir - straight line, f - goblin
Aim: a goblin (moderately wounded)
The magic dart hits the goblin.
You kill the goblin!
Something hits you.
You hit the orc priest. Your grab misses the orc priest.
The orc priest is lightly wounded.
The orc priest hits you with a mace.
* * * LOW HITPOINT WARNING * * *
You hear some strange, mumbled words.
A puff of flame appears from out of thin air!
The puff of flame hits you!
* * * LOW HITPOINT WARNING * * *
Drink which item? (? for menu, Esc to quit)
You feel very mighty all of a sudden. The orc priest hits you with a mace.
You die...

###### #{@..##
#o##..###########
#..
##........†..###
#...
##.####........
#.... #.#
#.###.... .)..._
..# #.# ..##
#.#.... .###
#.###..## #.##...
.# ##.#.....# .#
#.#......#


You could see an orc priest.

Vanquished Creatures
  2 eyes of draining (D:3)
  A scorpion (D:4)
  8 gnolls
  7 adders
  4 oozes
  4 worms
  2 dart slugs (D:2)
  4 giant geckos
  5 orcs
  5 bats
  5 giant cockroaches
  9 hobgoblins
  4 jackals (D:1)
  8 kobolds
  2 quokkas (D:4)
  3 giant newts
  8 goblins
  14 rats
95 creatures vanquished.

Notes
Turn   | Place    | Note
--------------------------------------------------------------
     0 | D:1      | nipodemus the Octopode Wizard began the quest for the Orb.
     0 | D:1      | Reached XP level 1. HP: 11/11 MP: 4/4
   260 | D:1      | Reached XP level 2. HP: 17/17 MP: 3/6
   708 | D:1      | Reached XP level 3. HP: 16/21 MP: 0/8
  1582 | D:2      | Reached XP level 4. HP: 20/27 MP: 0/9
  1658 | D:2      | Learned a level 2 spell: Blink
  1662 | D:2      | Learned a level 3 spell: Mephitic Cloud
  1665 | D:2      | Learned a level 2 spell: Repel Missiles
  1814 | D:2      | Reached skill level 4 in Spellcasting
  2571 | D:2      | Learned a level 3 spell: Conjure Flame
  2586 | D:2      | Reached XP level 5. HP: 32/32 MP: 6/11
  2678 | D:2      | Found a snail-covered altar of Cheibriados.
  2705 | D:2      | Reached skill level 1 in Poison Magic
  3482 | D:3      | Reached skill level 1 in Air Magic
  3712 | D:3      | Found a blossoming altar of Fedhas.
  4267 | D:3      | Reached XP level 6. HP: 29/37 MP: 7/12
  4596 | D:3      | Noticed an eye of draining
  4608 | D:3      | Found a bloodstained altar of Trog.
  4608 | D:3      | Noticed an eye of draining
  4611 | D:3      | Killed an eye of draining
  4619 | D:3      | Killed an eye of draining
  4619 | D:3      | Reached skill level 1 in Fighting
  4619 | D:3      | Reached skill level 5 in Spellcasting
  4619 | D:3      | Reached skill level 1 in Fire Magic
  4821 | D:3      | Found a sparkling altar of Nemelex Xobeh.
  4955 | D:4      | Reached XP level 7. HP: 43/43 MP: 14/14
  5117 | D:4      | Found a radiant altar of Vehumet.
  5125 | D:4      | Slain by an orc priest

Skill      XL: |  1  2  3  4  5  6 |
---------------+-------------------+-----
Stealth        | 3 |  3.8
Spellcasting   | 4 5 |  5.1
Conjurations   | 2 3 |  3.4
Poison Magic   | 1 |  1.0
Air Magic      | 1 |  1.3
Fighting       | 1 |  1.0
Dodging        | 3 |  3.2
Fire Magic     | 1 |  1.4
Maces & Flails | |  0.4
Summonings     | |  1.0
Translocations | |  1.0

Action                   |  1- 3 |  4- 6 |  7- 9 || total
-------------------------+-------+-------+-------++-------
Melee: Unarmed           |    38 |       |       ||    38
       Tentacles         |     7 |     7 |       ||    14
       Constrict         |    10 |    10 |     2 ||    22
       Dagger            |     5 |    43 |       ||    48
       Flail             |       |    20 |    10 ||    30
 Cast: Magic Dart        |    68 |   149 |    12 ||   229
       Repel Missiles    |       |     1 |       ||     1
       Conjure Flame     |       |     1 |       ||     1
  Use: Potion            |     1 |       |     1 ||     2
       Scroll            |       |     4 |       ||     4
 Stab: Sleeping          |     2 |     1 |     1 ||     4
  Eat: Chunk             |     2 |     5 |     1 ||     8
       Meat ration       |       |     1 |       ||     1
Armor: Skin              |     8 |     5 |     2 ||    15
Dodge: Dodged            |    37 |    36 |     5 ||    78
       Deflected         |       |     1 |       ||     1
